 Dungeon Crawl Stone Soup version 0.26.1-2-gb8aa6d0cf2 (webtiles) character file.

Game seed: 13180237570005035337

51 nightchill the Chiller (level 3, -2/20 HPs)
             Began as a Gargoyle Ice Elementalist on Feb 17, 2021.
             Slain by a worm (9 damage)
             ... on level 2 of the Dungeon.
             The game lasted 00:03:02 (2031 turns).

nightchill the Chiller (Gargoyle Ice Elementalist)  Turns: 2031, Time: 00:03:02

Health: -2/20      AC:  5    Str: 12    XL:     3   Next: 81%
Magic:  0/6        EV: 12    Int: 15    God:
Gold:   198        SH:  0    Dex: 10    Spells: 5/6 levels left

rFire    . . .     SeeInvis .   e - +0 club
rCold    . . .     Faith    .   (no shield)
rNeg     + . .     Spirit   .   a - +0 robe
rPois    ∞         Reflect  .   (no helmet)
rElec    +         Harm     .   (no cloak)
rCorr    .         Rampage  .   (no gloves)
Will     .....                  (no boots)
Stlth    ++........             (no amulet)
HPRegen  0.06/turn              (no ring)
MPRegen  0.10/turn              (no ring)

@: very slightly contaminated
A: negative energy resistance 1, electricity resistance, unbreathing,
petrification resistance, miasma immunity, AC +3
a: no special abilities


You were on level 2 of the Dungeon.
You visited 1 branch of the dungeon, and saw 2 of its levels.

You collected 198 gold pieces.

Inventory:

Hand Weapons
 e - a +0 club (weapon)
Missiles
 h - 13 poisoned darts
Armour
 a - a +0 robe (worn)
Jewellery
 f - an uncursed ring of positive energy {unknown}
Scrolls
 b - a scroll of magic mapping {unknown}
 c - a scroll of fear {unknown}
 d - a scroll of identify {unknown}
 j - a scroll of immolation {unknown}
 l - a scroll of random uselessness {unknown}
Potions
 g - 2 potions of mutation {unknown}
 i - a potion of heal wounds {unknown}
 k - a potion of curing {unknown}


   Skills:
 + Level 1.4 Fighting
 * Level 1.3 Maces & Flails
 - Level 1.5 Dodging
 - Level 2.1 Stealth
 + Level 2.3 Spellcasting
 * Level 4.5 Ice Magic


You had 5 spell levels left.
You knew the following spells:

 Your Spells              Type           Power        Failure   Level
a - Freeze                Ice            60%          3%          1

Your spell library contained the following spells:

 Spells                   Type           Power        Failure   Level
 Frozen Ramparts          Ice            30%          10%         3
 Ozocubu's Armour         Ice            15%          10%         3
 Hailstorm                Conj/Ice       8%           63%         4
 Summon Ice Beast         Ice/Summ       8%           63%         4


Dungeon Overview and Level Annotations

Branches:
Dungeon (2/15)

Altars:
Kikubaaqudgha


Innate Abilities, Weirdness & Mutations

You are resistant to torment.
Your stone body is resilient. (AC +3)
You are immune to poison.
You resist negative energy. (rN+)
You are resistant to electric shocks. (rElec)
You can survive without breathing.
You are immune to petrification.
You are immune to miasma.


Message History

Aim: a worm (lightly wounded)
You freeze the worm.
The worm is moderately wounded.
The worm misses you.
Casting: Freeze (safe; 3% risk of failure)
Confirm with . or Enter, or press ? or * to list all spells.
Aiming: Freeze (safe; 3% risk of failure)
Press: ? - help, Shift-Dir - straight line, f/p - worm
Aim: a worm (moderately wounded)
You freeze the worm.
The worm is moderately wounded.
Casting: Freeze (safe; 3% risk of failure)
Confirm with . or Enter, or press ? or * to list all spells.
Aiming: Freeze (safe; 3% risk of failure)
Press: ? - help, Shift-Dir - straight line, f/p - worm
Aim: a worm (moderately wounded)
You freeze the worm.
The worm is severely wounded.
The worm bites you!
You die...

#........#.##.....###..........
###.......##.##.##.## #..♣..###..
......######.#...#(# #.♣_♣.# #..
..##### #.......# #..♣..# #.. #.#
###...### #.....# #.. #.#######
#...# ###.#.##### #.......# #...#
#.......##.
.....)..######...######.###.#....
................@................
.................w...............
..#.##..........<................
........######..[######..........
#.......# #...# #..........
###.##### #...# ##........# #.#
#...# #.....)... #.# #...####
#>#......# ###.#
###....(..###.#......#


You could see a worm.

Vanquished Creatures
  2 adders (D:2)
  A worm (D:2)
  A dart slug (D:1)
  2 leopard geckos
  4 bats
  A giant cockroach (D:1)
  6 goblins
  A hobgoblin (D:1)
  A kobold (D:2)
  2 quokkas (D:2)
  2 frilled lizards (D:2)
  4 rats
27 creatures vanquished.

Vanquished Creatures (others)
  6 toadstools (D:1)
6 creatures vanquished.

Grand Total: 33 creatures vanquished

Notes
Turn   | Place    | Note
-------+----------+-------------------------------------------
     0 | D:1      | nightchill the Gargoyle Ice Elementalist began the quest
                  | for the Orb.
     0 | D:1      | Reached XP level 1. HP: 10/10 MP: 3/3
   521 | D:1      | Reached XP level 2. HP: 16/16 MP: 1/5
  1281 | D:2      | Found an ancient bone altar of Kikubaaqudgha.
  1356 | D:2      | Found a faded altar of an unknown god.
  1441 | D:2      | Reached skill level 1 in Fighting
  1552 | D:2      | Reached XP level 3. HP: 20/20 MP: 1/6
  1789 | D:2      | Reached skill level 1 in Maces & Flails
  2031 | D:2      | Slain by a worm

Illustrated notes

Levels and vault maps discovered:
D:1:      tarquinn_simple_flora_water_f, layout_loops_cross,
          minmay_gold_behind_fungi
D:2:      layout_loops_cross, lemuel_doored_altar,
          chequers_ecumenical_altar_simple, uniq_robin

Skill      XL: |  1  2  3 |
---------------+----------+-----
Fighting       | 1 |  1.4
Maces & Flails | 1 |  1.3
Dodging        | |  1.5
Stealth        | |  2.1
Spellcasting   | |  2.3
Ice Magic      | |  4.5

Action                   || total
-------------------------++-------
Melee: Unarmed           ||    16
       Club              ||     9
 Cast: Freeze            ||    49
 Stab: Sleeping          ||     1
Armor: Robe              ||    19
Dodge: Dodged            ||    47
